 Dungeon Crawl Stone Soup version 0.31-a0-1178-gc5c9b8f871 (webtiles) character file.

Game seed: 4157872149110189754

97 bmack86 the Shield-Bearer (level 4, 0/39 HPs)
             Began as a Minotaur Fighter on Dec 12, 2023.
             Slain by a gnoll
             ... wielding a +0 flail
              (10 damage)
             ... on level 2 of the Dungeon.
             The game lasted 00:03:15 (1567 turns).

bmack86 the Shield-Bearer (Minotaur Fighter)        Turns: 1567, Time: 00:03:15

Health: 0/39       AC:  6    Str: 22    XL:     4   Next: 42%
Magic:  3/3        EV:  9    Int:  5    God:
Gold:   102        SH:  5    Dex: 10    Spells: 3/3 levels left

rFire   . . .        a - +0 war axe
rCold   . . .        c - +0 buckler
rNeg    . . .        b - +0 scale mail
rPois   .            (helmet restricted)
rElec   .            (no cloak)
rCorr   .            (no gloves)
SInv    .            (no boots)
Will    .....        (no amulet) Stlth
                     (no ring)
HPRegen 0.26/turn    (no ring)
MPRegen 0.08/turn

%: no passive effects
@: no status effects
A: horns 2, retaliatory headbutt
a: no special abilities


You were on level 2 of the Dungeon.
You visited 1 branch of the dungeon, and saw 2 of its levels.

You collected 102 gold pieces.

Inventory:

Hand Weapons
 a - a +0 war axe (weapon)
Armour
 b - a +0 scale mail (worn)
 c - a +0 buckler (worn)
Jewellery
 l - a ring of poison resistance
Wands
 k - a wand of flame (14) (quivered)
Scrolls
 f - a scroll of poison {unknown}
 g - a scroll of amnesia {unknown}
 h - a scroll of immolation {unknown}
 j - a scroll of identify {unknown}
Potions
 d - a potion of might
 e - a potion of berserk rage {unknown}
 i - 3 potions of curing {unknown}


   Skills:
 - Level 3.6 Fighting
 + Level 4.6 Axes
 - Level 3.6 Armour
 - Level 5.0 Shields


You had 3 spell levels left.
You didn't know any spells.
Your spell library contained the following spells:

 Spells                   Type           Power      Damage    Failure   Level
 Brom's Barrelling Bould  Conj/Erth      0%         2d3       100%        4
 Manifold Assault         Tloc           0%         N/A       100%        4
 Fireball                 Conj/Fire      0%         3d3       100%        5
 Iskenderun's Battlesphe  Conj           0%         2d6       100%        5
 Conjure Ball Lightning   Conj/Air       0%         3x3d6     100%        6
 Dispersal                Tloc           0%         N/A       100%        6
 Orb of Destruction       Conj           0%         9d5       100%        7
 Disjunction              Tloc           0%         N/A       100%        8


Dungeon Overview and Level Annotations

Branches:
Dungeon (2/15)

Altars:

Shops:
D:1 (

Annotations:
D:2 1 runed translucent door, Crazy Yiuf


Innate Abilities, Weirdness & Mutations

You have a pair of horns on your head.
You reflexively headbutt those who attack you in melee.


Message History

The puff of flame hits the gnoll.
The gnoll is severely wounded.
The gnoll hits you but does no damage. The gnoll hits you but does no damage.
The gnoll hits you with a +0 halberd. The gnoll hits you but does no damage.
There is an open door here.
You closely miss the gnoll.
The gnoll is severely wounded.
You closely miss the gnoll. The gnoll closely misses you.
You block the gnoll's attack.
The gnoll hits you from afar with a +0 halberd!
You barely miss the gnoll. You headbutt the gnoll.
You kill the gnoll!
You barely miss the gnoll. You block the gnoll's attack.
The gnoll completely misses you. You block the gnoll's attack.
The gnoll hits you with a +0 halberd.
You see here a +0 halberd.
You closely miss the gnoll. Your headbutt misses the gnoll.
You closely miss the gnoll. You block the gnoll's attack.
The gnoll barely misses you. You block the gnoll's attack.
The gnoll hits you with a +0 flail! The gnoll barely misses you.
You hit the gnoll.
The gnoll is moderately wounded.
You closely miss the gnoll. You block the gnoll's attack.
The gnoll closely misses you.
You barely miss the gnoll.
The gnoll is moderately wounded.
You slash the gnoll! The gnoll hits you with a +0 flail.
The gnoll hits you but does no damage.
You barely miss the gnoll.
The gnoll is moderately wounded.
You slash the gnoll!
You kill the gnoll!
The gnoll barely misses you. The gnoll hits you with a +0 flail!
* * * LOW HITPOINT WARNING * * *
You slash the gnoll!
The gnoll is severely wounded.
The gnoll hits you with a +0 flail!
You die...

### #.. ### #.# ##.##
#.# ##+# ##...###.#
##...# .....##.# #.....#
### ...# #.# .......##
##.###.# #.#
.......@####...#..####..
......)g'...............
........####...#.#######
.......## ##.##.# #
#.....# ####.# ##...#
#.# ##+# #.# #.# #>#


You could see a gnoll.

Vanquished Creatures
  Robin (D:2)
  2 gnolls (D:2)
  A worm (D:2)
  3 dart slugs (D:1)
  4 ball pythons (D:1)
  2 bats (D:1)
  2 giant cockroaches (D:1)
  8 goblins
  10 hobgoblins
  3 jackals (D:1)
  3 frilled lizards
  6 kobolds
  11 rats (D:1)
56 creatures vanquished.

Notes
Turn   | Place    | Note
-------+----------+-------------------------------------------
     0 | D:1      | bmack86 the Minotaur Fighter began the quest for the Orb.
     0 | D:1      | Reached XP level 1. HP: 19/19 MP: 0/0
    23 | D:1      | Reached skill level 4 in Shields
    91 | D:1      | Reached XP level 2. HP: 26/26 MP: 1/1
   119 | D:1      | Found Dewos's Weapon Shoppe.
   453 | D:1      | Reached XP level 3. HP: 31/31 MP: 2/2
  1142 | D:2      | Found a runed translucent door.
  1143 | D:2      | Noticed Crazy Yiuf
  1271 | D:2      | Reached skill level 5 in Shields
  1296 | D:2      | Noticed Robin
  1311 | D:2      | Killed Robin
  1312 | D:2      | Reached XP level 4. HP: 26/39 MP: 3/3
  1567 | D:2      | Slain by a gnoll

Illustrated notes

Levels and vault maps discovered:
D:1:      tarquinn_simple_flora_water_f, layout_basic, serial_shops,
          shop_fountains, minmay_misc_feat_cross, minmay_rat_gold_closets
D:2:      layout_loops_corners, minmay_increasing_density, uniq_jessica,
          uniq_natasha, uniq_crazy_yiuf_cottage, uniq_robin

Skill      XL: |  1  2  3 |
---------------+----------+-----
Shields        | 4 5 |  5.0
Axes           | 3 4 |  4.6
Fighting       | |  3.6
Armour         | |  3.6

Action                     |  1- 3 |  4- 6 || total
---------------------------+-------+-------++-------
  Melee: War axe           |   115 |    12 ||   127
         Headbutt          |    14 |     3 ||    17
  Evoke: Wand              |       |     4 ||     4
    Use: Scroll            |     1 |       ||     1
 Armour: Scale mail        |    83 |    12 ||    95
  Dodge: Dodged            |    52 |     8 ||    60
  Block: Buckler           |    20 |     8 ||    28

Table legend: (Time is in decaauts)
 A = Elapsed time spent in this place.
 B = Non-inter-level travel time spent in this place.
 C = Inter-level travel time spent in this place.
 D = Time resting spent in this place.
 E = Time spent auto-exploring this place.
 F = Levels seen in this place.
 G = Mean time per level.
                   A        B        C        D        E       F      G
               +--------+--------+--------+--------+--------+-----+--------+
         Total |   1613 |   1606 |      7 |      0 |   1159 |   2 |  806.5 |
       Dungeon |   1613 |   1606 |      7 |      0 |   1159 |   2 |  806.5 |
               +--------+--------+--------+--------+--------+-----+--------+

Top non-repeatable levels by time:
     D:1: 1090 daAuts
     D:2: 522 daAuts
